[Event "Late-Titled-Tuesday-Blitz-February-27-2024"]
[Site "Chess.com"]
[Date "2024.02.27"]
[Round "6"]
[White "giomar27"]
[Black "martinmena"]
[Result "1-0"]
[WhiteElo "2400"]
[BlackElo "2242"]
[TimeControl "180+1"]
[EndTime "15:06:17 PST"]
[Termination "giomar27 won on time"]

1. e4 c6 2. Nc3 d5 3. Nf3 Bg4 4. h3 Bxf3 5. Qxf3 e6 6. Be2 Nf6 7. O-O dxe4 8. Nxe4 Nxe4 9. Qxe4 Be7 10. d4 O-O 11.
Bf4 Nd7 12. Rad1 Nf6 13. Qf3 Qd5 14. c4 Qxf3 15. Bxf3 Rfd8 16. Rfe1 Bb4 17. Re2 Rac8 18. a3 Ba5 19. b4 Bc7 20. Bg5 Rd7 21. Red2 Rcd8 22.
Kf1 h6 23. Bxf6 gxf6 24. Ke2 Bb6 25. c5 Bc7 26. b5 cxb5 27. Bxb7 Ba5 28. Bc6 Rc7 29.
Bxb5 Bxd2 30. Rxd2 e5 31. Ke3 Rd5 32. Bc4 exd4+ 33.
Rxd4 Rdxc5 34. Kd3 Ra5 35. a4 Kf8 36. Bb5 a6 37. Rd8+ Kg7 38. Ra8 Rxb5 39. axb5 axb5 40. Rb8 Rc5 41. Kd4 Rg5 42. g4 f5 43. f4 Rg6 44.
gxf5 Rg3 45. Ke4 Rb3 46. Rb6 Rb4+ 47. Ke5 f6+ 48. Ke6 Re4+ 49. Kd5 Rxf4 50. Rb7+ Kg8 51.
Ke6 b4 52. Kxf6 Rf3 53. h4 b3 54. Kg6 Rg3+ 55. Kxh6 Kf8 56. h5 Kg8 57. f6 Kf8 58.
Rg7 1-0

[Event "Late-Titled-Tuesday-Blitz-February-27-2024"]
[Site "Chess.com"]
[Date "2024.02.27"]
[Round "6"]
[White "Alphafischer2019"]
[Black "mishanick"]
[Result "0-1"]
[WhiteElo "2704"]
[BlackElo "3057"]
[TimeControl "180+1"]
[EndTime "15:06:18 PST"]
[Termination "mishanick won by checkmate"]

1. Nf3 d5 2. g3 g6 3. Bg2 Bg7 4. d4 Nf6 5. O-O c6 6. c4 dxc4 7. Nbd2 b5 8. a4 Bb7 9. e4 O-O 10. e5 Nd5 11. Ne4 Na6 12. h4 Ndb4 13. h5 Nd3 14. h6 Bh8 15. Bg5 Nab4 16. Nd6 Ba6 17. Ne1 bxa4 18. Nxd3 Nxd3 19. Qxa4 Bb5 20. Nxb5 cxb5 21.
Qxb5 Rc8 22. Rxa7 Qxd4 23. Rxe7 Nxe5 24. Be3 Qd6 25. Rb7 Ng4 26. Bf4 Be5 27. Bg5 Bxg3 28. fxg3 Rc5 29. Qd7 Qxd7 30. Rxd7 Rxg5 31. Rfxf7 Rxf7 32. Bd5 Rxd5 33. Rxd5 Nxh6 34. Rc5 Rb7 35. Rxc4 Rxb2 36.
Rc8+ Kg7 37. Rc7+ Nf7 38. g4 Rb6 39. Kg2 Rd6 40. Kg3 h6 41. g5 hxg5 42. Kg4 Rf6 43. Kg3 Rf4 44. Rc5 Kh6 45. Rc6 Ne5 46. Rc8 Rf3+ 47. Kg2 g4 48. Re8 Rf5 49. Kg3 Kg5 50. Re7 Rf3+ 51. Kg2 Nd3 52. Re4 Nf4+ 53. Kh2 g3+ 54.
Kg1 g2 55. Re5+ Kg4 56. Re1 Kg3 57. Re3 Nh3# 0-1

[Event "Late-Titled-Tuesday-Blitz-February-27-2024"]
[Site "Chess.com"]
[Date "2024.02.27"]
[Round "6"]
[White "semchik73"]
[Black "ahkashefi2800"]
[Result "0-1"]
[WhiteElo "2441"]
[BlackElo "2632"]
[TimeControl "180+1"]
[EndTime "15:06:18 PST"]
[Termination "ahkashefi2800 won on time"]

1. Nf3 d5 2. c4 c6 3. e3 Nf6 4.
Nc3 Bg4 5. Qb3 Qb6 6. Ne5 Be6 7. cxd5 Nxd5 8. Bc4 Qxb3 9. Bxb3 Nd7 10. Nxd7 Kxd7 11. Ne4 b6 12. Ng5 f5 13. Nxe6 Kxe6 14. d3 Kf6 15. e4 Nb4 16. Ke2 e5 17. h4 g6 18.
Bg5+ Kg7 19. Rac1 c5 20. exf5 gxf5 21. Be6 Nc6 22. Be3 f4 23. Bd5 Rc8 24. Bxc6 fxe3 25. Be4 exf2 26. Kxf2 Be7 27. Rh3 Rhf8+ 28. Ke2 Rf4 29.
h5 Bg5 30. Rch1 h6 31. Rg3 Rd8 32. Rxg5+ hxg5 33. h6+ Kh8 34. Rh5 Rd6 35. h7 g4 36.
Rxe5 Rd8 37. Rg5 Rdf8 38. g3 Rf2+ 39. Ke3 Rxb2 40. Rxg4 Rxa2 41. Rh4 Rff2 42. Bf3 Rh2 43. Rxh2 Rxh2 44. Be4 Rxh7 45. Bxh7 Kxh7 0-1

[Event "Late-Titled-Tuesday-Blitz-February-27-2024"]
[Site "Chess.com"]
[Date "2024.02.27"]
[Round "6"]
[White "delqate"]
[Black "ATM622"]
[Result "0-1"]
[WhiteElo "2407"]
[BlackElo "2528"]
[TimeControl "180+1"]
[EndTime "15:06:21 PST"]
[Termination "ATM622 won on time"]

1. e4 c6 2. d4 d5 3. exd5 cxd5 4. c4 Nf6 5. Nc3 Nc6 6. Bg5 Be6 7. a3 h6 8. Bxf6 exf6 9. c5 Be7 10. Bb5 O-O 11. Nge2 Qc7 12. O-O Na5 13. b4 Nc6 14. Qd2 Rad8 15.
h3 f5 16. Rad1 Bg5 17. Qc2 Bf6 18. Rfe1 Rfe8 19. Ba4 a6 20. Bb3 f4 21. Qd3 Ne7 22. Qf3 g5 23. Nc1 Nf5 24. Nxd5 Bxd5 25. Rxe8+ Rxe8 26. Qxd5 Nxd4 27. Bc4 Rd8 28. Qe4 Kg7 29.
Bd3 Rh8 30. Ne2 Ne6 31. Bc4 Re8 32. Rd6 Qe7 33. Qd5 Nc7 34. Qf5 Qe5 35. Qd7 Qe7 36.
Qf5 Qe5 37. Qd7 Re7 38. Qc8 Ne8 39. Rd8 Qa1+ 40. Kh2 Qe5 41. Kg1 h5 42. Rd6 Qa1+ 43. Kh2 Qe5 44. c6 f3+ 45. Ng3 Nxd6 0-1

[Event "Late-Titled-Tuesday-Blitz-February-27-2024"]
[Site "Chess.com"]
[Date "2024.02.27"]
[Round "6"]
[White "Eloist"]
[Black "Kgutierrez95"]
[Result "0-1"]
[WhiteElo "2451"]
[BlackElo "2217"]
[TimeControl "180+1"]
[EndTime "15:06:21 PST"]
[Termination "Kgutierrez95 won on time"]

1. e4 c6 2. Nf3 d5 3. d3 Bg4 4. h3 Bh5 5. g4 Bg6 6. Ne5 dxe4 7. Nxg6 hxg6 8. dxe4 Qxd1+ 9. Kxd1 e5 10. g5 f5 11. Bd3 f4 12. Nd2 Be7 13. Nf3 Nd7 14. b3 Bd6 15. Bb2 Ne7 16. Ke2 b5 17. a4 b4 18. Bc4 a5 19. Rad1 Bc7 20. Be6 Nc5 21. Bg4 Nxe4 22. Nxe5 Nxg5 23. Bd7+ Kf8 24. Nxc6 Nxc6 25.
Bxc6 Rd8 26. Rxd8+ Bxd8 27. Rd1 Bf6 28. Bxf6 gxf6 29. Rd8+ Kg7 30. Rxh8 Kxh8 31. h4 Ne6 32. Kd3 f5 33. Kc4 Nc7 34. Kc5 Kg7 35. Kb6 Ne6 36. Kxa5 Nd4 37. Bd5 Nxc2 38. Kb5 Kf6 39. a5 Ke5 40. a6 Kxd5 41. a7 Nd4+ 42. Kb6 Nxb3 43. a8=Q+ Kc4 44. Qg8+ Kc3 45. Qxg6 Nd4 46. Qf6 b3 47. h5 b2 48. h6 b1=Q+ 49. Kc7 Qa2 50. h7 Qa7+ 51. Kd8 Qxh7 0-1

[Event "Late-Titled-Tuesday-Blitz-February-27-2024"]
[Site "Chess.com"]
[Date "2024.02.27"]
[Round "6"]
[White "gxbg2000"]
[Black "IngOscarArdila"]
[Result "0-1"]
[WhiteElo "1938"]
[BlackElo "2289"]
[TimeControl "180+1"]
[EndTime "15:06:21 PST"]
[Termination "IngOscarArdila won by resignation"]

1. e4 e5 2. Nf3 Nf6 3. Nc3 Nc6 4. Bc4 Bb4 5. d3 d6 6. h3 O-O 7. O-O Qe7 8. a3 Bxc3 9. bxc3 Nd8 10. Rb1 b6 11.
Bg5 Ne6 12. Bh4 Rd8 13. Qc1 Nf4 14. Re1 h6 15. Bg3 g5 16. Nh2 N6h5 17. Qd1 Kg7 18. Bd5 Rb8 19. a4 a5 20. Re3 Bd7 21. Bb3 Rf8 22.
Ng4 Rbd8 23. d4 Bc8 24. d5 Bd7 25. c4 f5 26. exf5 Bxf5 27. c3 Bxb1 28. Qxb1 Qf7 29. Rf3 Qe7 30. Re3 Qe8 31. Bd1 Qg6 32. Bc2 Qf7 33. Bd1 Rb8 34. Qb5 Qe8 35. Bf3 Qxb5 36. cxb5 Nxg3 37. fxg3 Ng6 38. c4 h5 39. Nf2 h4 40.
gxh4 Nxh4 41. Bg4 Ng6 42. Ne4 Kh6 43. Ng3 Rf4 44. Nf5+ Kh7 45. Ng3 Rxc4 46. Bf5 Kg7 47. Ne4 Rf8 48. g4 Kh6 49. Kh2 Nh4 50. Ng3 Rxa4 51.
Rc3 Ra2+ 52. Kg1 Rf7 53. Kf1 Nxf5 54. Nxf5+ Kg6 55. h4 gxh4 56. Ke1 Kg5 57. Rh3 Kxg4 0-1

[Event "Late-Titled-Tuesday-Blitz-February-27-2024"]
[Site "Chess.com"]
[Date "2024.02.27"]
[Round "6"]
[White "Zavgorodniy_Sergiy"]
[Black "PositionalPanther"]
[Result "1-0"]
[WhiteElo "2622"]
[BlackElo "2497"]
[TimeControl "180+1"]
[EndTime "15:06:23 PST"]
[Termination "Zavgorodniy_Sergiy won by checkmate"]

1. d4 d5 2. c4 e6 3. Nf3 Nf6 4. e3 Be7 5. Nbd2 O-O 6. Bd3 b6 7. O-O Bb7 8. Qe2 Ne4 9. b3 Nd7 10. Bb2 f5 11. Rac1 a5 12. Rc2 a4 13. Rfc1 axb3 14. axb3 Ra2 15. cxd5 exd5 16. Rxc7 Ndc5 17. Rxe7 Qxe7 18. dxc5 Rxb2 19. cxb6 Qb4 20. Rc2 Rxc2 21. Bxc2 Qxb6 22. Nd4 Ba6 23. Qd1 Rc8 24. N2f3 Qf6 25. g3 g5 26. Bd3 Bxd3 27. Qxd3 h6 28. Kg2 Kg7 29. Qb5 Rd8 30. Qb7+ Kh8 31. b4 h5 32. h4 g4 33. Ng1 Nd6 34. Qxd5 Ne4 35. Qb7 Qe5 36. Nge2 Nd6 37. Qc7 Qe4+ 38. Kh2 Qe8 39.
Nf4 Qd7 40. Qc5 Ne4 41. Qe5+ Qg7 42. Qxf5 Nxf2 43. Nfe6 Qe7 44. Qxh5+ Kg8 45. Qg6+ Kh8 46. Nf5 Qh7 47. Qf6+ Kg8 48. Qxd8+ Kf7 49. Ng5+ Kg6 50. Nxh7 Kxh7 51. Qg5 Kh8 52. Qg7# 1-0

[Event "Late-Titled-Tuesday-Blitz-February-27-2024"]
[Site "Chess.com"]
[Date "2024.02.27"]
[Round "6"]
[White "DraningWaterHi"]
[Black "korkmaz16"]
[Result "1-0"]
[WhiteElo "2248"]
[BlackElo "2457"]
[TimeControl "180+1"]
[EndTime "15:06:23 PST"]
[Termination "DraningWaterHi won by resignation"]

1. d4 d5 2. c4 c6 3. Nf3 Nf6 4. g3 g6 5. Bg2 Bg7 6. O-O O-O 7.
Ne5 Nbd7 8. cxd5 cxd5 9. Nc3 Nxe5 10. dxe5 Ng4 11. Qxd5 Nxe5 12. Bf4 Nc6 13. Rfd1 Qb6 14. Rab1 Bf5 15. e4 Be6 16. Qd3 Rfd8 17. Nd5 Qd4 18.
Qxd4 Nxd4 19. Nxe7+ Kf8 20. Nd5 Ne2+ 21. Kf1 Nxf4 22. gxf4 Rac8 23. Rd2 Bh6 24. Rbd1 Bxd5 25. exd5 Bxf4 26. Rd4 Bd6 27. h4 h5 28. Be4 Re8 29.
f3 f5 30. Bb1 Re3 31. Kf2 Rce8 32. R4d2 Bc5 33. Kg3 Bd6+ 34. Kf2 f4 35. Bxg6 R8e5 36. Be4 Bc5 37. Kg2 Bd6 38. Rc2 Ke7 39. b3 Kf6 40. Kf1 Re8 41. Rg2 R8xe4 42. fxe4 f3 43. Rf2 Ke5 44. Re1 Kxe4 45. Rxe3+ Kxe3 46. Rc2 a6 47. a4 Kd3 48. Rc4 Ke3 49. Rc3+ Ke4 50. Kf2 Kxd5 51.
Rxf3 Ke4 52. Rf7 b5 53. axb5 axb5 54. Rb7 b4 55. Rb5 Kf4 56. Rxh5 Kg4 57. Rh6 Bf8 58. Rh7 Be7 59. Rxe7 1-0

[Event "Late-Titled-Tuesday-Blitz-February-27-2024"]
[Site "Chess.com"]
[Date "2024.02.27"]
[Round "6"]
[White "Abund"]
[Black "maximnovik"]
[Result "0-1"]
[WhiteElo "2740"]
[BlackElo "2610"]
[TimeControl "180+1"]
[EndTime "15:06:24 PST"]
[Termination "maximnovik won by resignation"]

1. e4 c6 2. d4 d5 3. exd5 cxd5 4. Bd3 Nf6 5. h3 Nc6 6. c3 e5 7. dxe5 Nxe5 8. Nf3 Nxd3+ 9. Qxd3 Bc5 10. O-O O-O 11. Be3 Bxe3 12. Qxe3 Re8 13. Qd3 Qb6 14. b3 Bd7 15.
Nd4 Ne4 16. Nd2 Qg6 17. Nxe4 dxe4 18. Qe3 f5 19. Qf4 Rac8 20. c4 Qf6 21. h4 h6 22.
Rad1 g5 23. Qd2 f4 24. Ne2 Bg4 25. hxg5 hxg5 26. f3 Rcd8 27. Qc3 Qxc3 28. Nxc3 Rxd1 29. Nxd1 exf3 30. gxf3 Bh3 31. Nf2 Bxf1 32. Kxf1 Re3 33. Kg2 Kg7 34. Ng4 Re2+ 35. Kh3 Rxa2 36. Ne5 Rb2 37. Kg4 Kf6 38. Nd7+ Ke7 39. Nc5 b6 40. Ne4 Rxb3 41. Nxg5 a5 42. Kxf4 a4 43. Ne4 a3 44. Nd2 Rb2 45. Ne4 a2 46. Nc3 a1=Q 47.
Nd5+ Kd6 48. Nf6 Qc1+ 49. Kf5 Qxc4 50. f4 Rf2 51. Ne4+ Qxe4+ 52. Kxe4 b5 53. Ke3 Rf1 54. Ke2 Rxf4 55. Ke3 Ke5 56. Kd3 Rc4 0-1

[Event "Late-Titled-Tuesday-Blitz-February-27-2024"]
[Site "Chess.com"]
[Date "2024.02.27"]
[Round "6"]
[White "Fandorine"]
[Black "Firouzja2003"]
[Result "1-0"]
[WhiteElo "2913"]
[BlackElo "3054"]
[TimeControl "180+1"]
[EndTime "15:06:25 PST"]
[Termination "Fandorine won on time"]

1. d4 Nf6 2. c4 e6 3. Nc3 Bb4 4.
e3 O-O 5. Bd3 d5 6. a3 Bxc3+ 7.
bxc3 c6 8. Ne2 b6 9. cxd5 cxd5 10. O-O Ba6 11. f3 Bxd3 12. Qxd3 Nc6 13. e4 Na5 14. Bg5 h6 15. Bh4 g5 16. Bg3 Nh5 17. e5 f5 18. exf6 Qxf6 19. Bd6 Rf7 20.
g4 Nc4 21. Be5 Nxe5 22. dxe5 Nf4 23. Nxf4 Qxf4 24. Qg6+ Kh8 25. Qxe6 Kg7 26. Qxd5 Rc8 27. Rae1 Qc4 28. Qd6 Qc5+ 29. Qxc5 Rxc5 30. Re3 Re7 31. Rfe1 Ra5 32. c4 Ra4 33. Rc3 Ra5 34. Kf2 Raxe5 35. Rxe5 Rxe5 36. Kg3 Rc5 37. Rd3 Rxc4 38. Rd7+ Kg6 39.
Rxa7 Rc3 40. Ra6 Rb3 41. a4 Kg7 42. h3 Rb4 43. h4 Kh7 44. h5 Kg7 45. Kf2 Rb3 46.
Ke2 Kh7 47. Ra8 Kg7 48. Ra7+ Kg8 49. Rb7 Rb4 50. Ra7 Rb3 51. Kf2 1-0

[Event "Late-Titled-Tuesday-Blitz-February-27-2024"]
[Site "Chess.com"]
[Date "2024.02.27"]
[Round "6"]
[White "bazar-wokzal"]
[Black "Hui_Li_Macau"]
[Result "1-0"]
[WhiteElo "2606"]
[BlackElo "2357"]
[TimeControl "180+1"]
[EndTime "15:06:27 PST"]
[Termination "bazar-wokzal won by resignation"]

1. e4 e5 2. Bc4 Nf6 3. d3 c6 4. Nf3 d5 5. Bb3 Bd6 6. Nc3 dxe4 7. Ng5 O-O 8. Ncxe4 Nxe4 9. Nxe4 Bf5 10. Nxd6 Qxd6 11.
O-O Nd7 12. f4 Be6 13. Qf3 Bxb3 14. axb3 a6 15. f5 Rfe8 16. Ra4 f6 17. Rh4 Nf8 18. Re4 Qd5 19. g4 h6 20. h4 Nh7 21. g5 hxg5 22. hxg5 Nxg5 23. Bxg5 fxg5 24. Qh5 Qf7 25. Qxg5 Qf6 26.
Qh5 Qf7 27. Qh3 Qf6 28. Rg4 Kf7 29. Rg6 Qd8 30. Qh7 Qd4+ 31. Kg2 Rg8 32. f6 Qd5+ 33. Kg3 Ke6 34. f7+ Kd7 35. fxg8=Q Rxg8 36. Rxg7+ Rxg7+ 37. Qxg7+ Kd6 38. Rf6+ Kc5 39. Qxb7 Qh1 40. Qa7+ Kd5 41. Qd7+ Kc5 42. Qd6+ Kb6 43. Qxc6+ Qxc6 44. Rxc6+ Kxc6 45. Kf3 Kd5 46. Ke3 a5 47. c3 Kd6 48. Ke4 Ke6 49.
d4 exd4 50. Kxd4 Kd6 51. Kc4 Kc6 52. b4 a4 53. b5+ Kb6 54. Kb4 1-0

[Event "Late-Titled-Tuesday-Blitz-February-27-2024"]
[Site "Chess.com"]
[Date "2024.02.27"]
[Round "6"]
[White "MatyChess1"]
[Black "adricalderon8"]
[Result "1/2-1/2"]
[WhiteElo "2654"]
[BlackElo "2497"]
[TimeControl "180+1"]
[EndTime "15:06:29 PST"]
[Termination "Game drawn - insufficient material"]

1. Nf3 c5 2. b3 d6 3. g3 e5 4. c4 Nc6 5. Bg2 f5 6. O-O Nf6 7. Nc3 Be7 8. d3 O-O 9. Nd2 Be6 10. Nd5 Rb8 11. Nb1 Nb4 12. Nxe7+ Qxe7 13. a3 Nc6 14. Nc3 f4 15. b4 Kh8 16. gxf4 Ng4 17. h3 Nh6 18. fxe5 Nxe5 19. f4 Ng6 20. Nd5 Bxd5 21. Bxd5 Qh4 22. Bg2 Nxf4 23. Bxf4 Rxf4 24.
Qd2 Rbf8 25. bxc5 dxc5 26. Rxf4 Rxf4 27. Qe3 b6 28. a4 Rf8 29. a5 Nf5 30. Qf2 Qd8 31.
axb6 axb6 32. Ra8 Qf6 33. Rxf8+ Qxf8 34. Be4 g6 35. Qf4 Qf6 36. Bxf5 gxf5 37. Kf2 Kg7 38. Kf3 Kg6 39. Qg3+ Kf7 40. Qc7+ Kg6 41. Qf4 Kf7 42. h4 Kg6 43. e3 h5 44. Qg3+ Kf7 45. Qg5 Qxg5 46.
hxg5 Kg6 47. Kf4 h4 48. d4 cxd4 49. exd4 h3 50. Kg3 Kxg5 51. Kxh3 Kf4 52. d5 Ke5 53.
Kg3 b5 54. cxb5 Kxd5 55. Kf4 Kc5 56. Kxf5 Kxb5 1/2-1/2

[Event "Late-Titled-Tuesday-Blitz-February-27-2024"]
[Site "Chess.com"]
[Date "2024.02.27"]
[Round "6"]
[White "Josetricks"]
[Black "HeinichessPY"]
[Result "1-0"]
[WhiteElo "2475"]
[BlackElo "2245"]
[TimeControl "180+1"]
[EndTime "15:06:29 PST"]
[Termination "Josetricks won by resignation"]

1. d4 Nf6 2. Nc3 d5 3. Bf4 c5 4. e3 Nc6 5. Nf3 e6 6. Ne5 Be7 7. Nxc6 bxc6 8. g4 e5 9. Bxe5 Nxg4 10. Bxg7 Rg8 11. Be5 Bh4 12. Bg3 Qf6 13. Qd2 Bxg3 14.
hxg3 cxd4 15. exd4 Qf3 16. Qe2+ Qxe2+ 17. Bxe2 Bf5 18.
Bxg4 Bxg4 19. Rxh7 Bf5 20. Rh6 Bxc2 21. Rxc6 Kd7 22.
Rc5 Be4 23. Nxd5 Bxd5 24. Rxd5+ Ke6 25. Re5+ Kd6 26. Kd2 Rg4 27. Kd3 Rb8 28. b3 Rb4 29. Re4 Rg5 30. Rc1 f5 31. Re5 Rg4 32. Rc4 Rb8 33.
Rxf5 Re8 34. Rf6+ Kd7 35. Rf7+ Kd6 36. Rxa7 Re1 37. Ra6+ Kd7 38. Kc3 Rge4 39. Rh6 R4e2 40. a4 Rxf2 41. Rb4 Rf3+ 42. Kd2 Ree3 43. Rb7+ Kc8 44. Rb5 Rd3+ 45. Kc2 Rc3+ 46. Kb2 Rxg3 47. Rc5+ Rxc5 48. dxc5 Kc7 49. Ka3 Rg4 50. a5 Kb7 51. b4 Ka7 52. Ka4 Rg7 53. Kb5 Rb7+ 54. Rb6 Rg7 55.
Rd6 Rb7+ 56. Ka4 Rg7 57. c6 Rg1 58. Rd7+ Kb8 59. Kb5 Kc8 60. a6 Ra1 61. Rh7 Kb8 62. Kb6 1-0

[Event "Late-Titled-Tuesday-Blitz-February-27-2024"]
[Site "Chess.com"]
[Date "2024.02.27"]
[Round "6"]
[White "picturesquecheck"]
[Black "Nf3c5"]
[Result "1-0"]
[WhiteElo "2427"]
[BlackElo "2544"]
[TimeControl "180+1"]
[EndTime "15:06:30 PST"]
[Termination "picturesquecheck won by resignation"]

1. e4 c5 2. Nf3 Nc6 3. d4 cxd4 4. Nxd4 e5 5. Nb5 d6 6. N1c3 a6 7. Na3 Be6 8. Nd5 Bxd5 9. exd5 Nce7 10. c4 Nf6 11. Be2 Nf5 12. O-O Be7 13. Nc2 h5 14. b3 h4 15. h3 Qb6 16. Bg5 Ne4 17. Bxe7 Kxe7 18. Qd3 Neg3 19. Rfe1 g6 20. Bg4 Kf6 21. Ne3 Nxe3 22. Rxe3 Nh5 23. Rf3+ Kg7 24. Bxh5 Rxh5 25. Re3 a5 26. Rae1 Qb4 27. Qc3 b6 28. Kh1 Qc5 29.
f4 f6 30. fxe5 fxe5 31. Rf3 Rf8 32. Rxf8 Kxf8 33. Rf1+ Rf5 34. Rxf5+ gxf5 35. Qf3 f4 36. Qe4 Qf2 37. Qf5+ Kg8 38. Qe6+ Kg7 39. Qe7+ Kg8 40. Qd8+ Kg7 41. Qxd6 Qe1+ 42. Kh2 Qg3+ 43. Kh1 Qe1+ 44. Kh2 Qg3+ 45. Kh1 f3 46. Qd7+ Kh8 47. Qe8+ Kg7 48. Qe7+ Kg6 49. Qe6+ Kg5 50. Qg8+ Kf4 51. Qf7+ Ke3 52. Qxf3+ Qxf3 53. gxf3 Kxf3 54. d6 e4 55. d7 e3 56. d8=Q e2 57. Qf6+ Ke3 58. Qxh4 Kd2 59. Qd4+ Kc2 60. Qe3 Kd1 61. h4 e1=Q+ 62. Qxe1+ Kxe1 63.
h5 Kd2 64. h6 Kc3 65. h7 Kb2 66. h8=Q+ Kxa2 67. Qf6 Kxb3 68. Qxb6+ Kxc4 69. Qxa5 1-0

[Event "Late-Titled-Tuesday-Blitz-February-27-2024"]
[Site "Chess.com"]
[Date "2024.02.27"]
[Round "6"]
[White "Bigfish1995"]
[Black "ArtemDyachuk"]
[Result "0-1"]
[WhiteElo "3143"]
[BlackElo "2719"]
[TimeControl "180+1"]
[EndTime "15:06:31 PST"]
[Termination "ArtemDyachuk won by resignation"]

1. e4 c5 2. Nf3 d6 3. Bb5+ Nd7 4. a4 g6 5. O-O Bg7 6. a5 Nf6 7. Nc3 O-O 8. Be2 Rb8 9. d4 cxd4 10. Nxd4 Nc5 11.
f3 Bd7 12. Be3 b6 13. a6 Ne6 14. Ndb5 Ra8 15. f4 Bc6 16. Bf3 Qd7 17. e5 Bxb5 18.
Nxb5 Qxb5 19. exf6 Bxf6 20. Bxa8 Rxa8 21. Ra3 Qxb2 22.
Rb3 Qa2 23. f5 gxf5 24. Rxf5 Rc8 25. Rf2 Qxa6 26. Bh6 Qa1 27. Rg3+ Kh8 28. Qxa1 Bxa1 29. Rxf7 Bf6 30. Kf1 a5 31. Re3 Nd4 32. g4 Nxc2 33.
Rexe7 Bxe7 34. Rxe7 a4 35. Ra7 a3 36. Ke2 b5 37. Bg7+ Kg8 38. Bf6 b4 39. Rg7+ Kf8 40. Rxh7 b3 41. Rh8+ Kf7 42. Rxc8 Kxf6 43. Kd2 a2 44.
Ra8 a1=Q 45. Rxa1 Nxa1 46. Kc3 Nc2 47. Kxb3 Ne3 48. h3 Ng2 49. Kc4 Ke5 50. g5 Nf4 51. h4 d5+ 52. Kc5 d4 53. Kc4 Ke4 0-1

[Event "Late-Titled-Tuesday-Blitz-February-27-2024"]
[Site "Chess.com"]
[Date "2024.02.27"]
[Round "6"]
[White "vladoboch"]
[Black "robertoalejandro10"]
[Result "0-1"]
[WhiteElo "2425"]
[BlackElo "2595"]
[TimeControl "180+1"]
[EndTime "15:06:33 PST"]
[Termination "robertoalejandro10 won by resignation"]

1. e4 c5 2. Nf3 g6 3. d4 cxd4 4. Nxd4 Nc6 5. c4 Bg7 6. Be3 Nf6 7. Nc3 Ng4 8. Qxg4 Nxd4 9. Qd1 Ne6 10. Be2 Bxc3+ 11. bxc3 b6 12. O-O Bb7 13. f3 Qc7 14. a4 O-O 15. a5 Rfc8 16. axb6 axb6 17. Rxa8 Rxa8 18. Qe1 Ba6 19. Qf2 Rb8 20. Rd1 d6 21.
Qf1 Rc8 22. Rb1 Bxc4 23. Bxb6 Bxe2 24. Qxe2 Qxc3 25. Be3 Nd4 26. Qf2 Ne6 27. h4 Qf6 28. h5 gxh5 29. Rb5 Qg6 30. Rf5 h6 31. Qd2 Kh7 32.
Kf1 Rg8 33. Kg1 Ng5 34. Kf1 h4 35. Bxg5 hxg5 36. f4 f6 37. fxg5 fxg5 38. Qf2 Rg7 39. Rf8 Qxe4 40. Kg1 Qb1+ 41. Kh2 Qe4 42. Qb2 Qe5+ 43. Qxe5 dxe5 44. Rf5 Kg6 45. Rxe5 Kf6 46. Re2 e5 47. Kh3 Rd7 48. Kg4 Rd4+ 49. Kh5 Kf5 50.
Rf2+ Rf4 51. Ra2 Rf1 52. Ra8 Rg1 53. Rf8+ Ke4 54. Kxg5 Rxg2+ 55. Kxh4 Rg7 56. Re8 Kd4 57. Kh3 e4 58. Rd8+ Ke3 59. Re8 Kd3 60. Rd8+ Ke2 61. Re8 e3 62. Re7 Rxe7 0-1

[Event "Late-Titled-Tuesday-Blitz-February-27-2024"]
[Site "Chess.com"]
[Date "2024.02.27"]
[Round "6"]
[White "Rud_Makarian"]
[Black "KuzubovYuriy"]
[Result "0-1"]
[WhiteElo "3083"]
[BlackElo "2961"]
[TimeControl "180+1"]
[EndTime "15:06:35 PST"]
[Termination "KuzubovYuriy won by resignation"]

1. Nf3 d5 2. c4 d4 3. b4 c5 4. b5 b6 5. g3 Bb7 6. Bg2 g6 7. O-O Bg7 8. a4 a5 9. Bb2 Nh6 10. e3 O-O 11. exd4 Ra7 12. Nc3 Bxf3 13. Qxf3 Bxd4 14.
Rae1 e6 15. Bc1 Nf5 16. Ne4 Bg7 17. d3 Nd7 18. Bg5 Ne5 19. Qf4 Qd4 20. Bf6 Bxf6 21. Nxf6+ Kg7 22. Nh5+ gxh5 23. Qxe5+ Qxe5 24. Rxe5 Rd7 25. Be4 Ne7 26. Rxh5 f5 27. Bg2 Rxd3 28. Re1 Rd6 29.
h3 Ng6 30. g4 Nf4 31. Rh4 Ng6 32. Rh5 h6 33. gxf5 exf5 34. Bd5 Nf4 35. Rh4 Nxd5 36. cxd5 Rff6 37. Re7+ Kg6 38. Rf4 Rxd5 39. Rf3 f4 40. Rb7 Rd4 41. Ra3 f3 42. Kh2 h5 43. Re3 h4 44. Ree7 Rd2 45. Rg7+ Kf5 46. Kg1 Rd1+ 47. Kh2 Rf1 48. Rbd7 Rxf2+ 49. Kg1 Rg2+ 50. Rxg2 fxg2 51. Kxg2 Ke4 52. Rh7 c4 53. Rxh4+ Kd3 54. Rh8 Rd6 55. Rc8 c3 56. h4 c2 57. h5 Kd2 58. h6 c1=Q 59. h7 0-1

[Event "Late-Titled-Tuesday-Blitz-February-27-2024"]
[Site "Chess.com"]
[Date "2024.02.27"]
[Round "6"]
[White "The_Machine04"]
[Black "GHANDEEVAM2003"]
[Result "0-1"]
[WhiteElo "2811"]
[BlackElo "3049"]
[TimeControl "180+1"]
[EndTime "15:06:35 PST"]
[Termination "GHANDEEVAM2003 won by resignation"]

1. d4 d6 2. Nf3 g6 3. Nbd2 Bg7 4. e4 Nc6 5. c3 e5 6. dxe5 dxe5 7. Bc4 Nf6 8. O-O O-O 9. a4 a5 10. Qe2 Nh5 11.
g3 Kh8 12. Rd1 f5 13. Nf1 Qe8 14. Be3 b6 15. exf5 Bxf5 16. Bd5 Nf6 17. Nh4 Bg4 18. Bf3 Bxf3 19. Nxf3 e4 20. Nd4 Ne5 21. Bf4 Nd3 22.
Rxd3 exd3 23. Qxd3 Qf7 24. Ne3 Nh5 25. Ng2 Nxf4 26.
Nxf4 g5 27. Nh3 h6 28. f4 Rad8 29. fxg5 c5 30. Nf4 cxd4 31. Ng6+ Kg8 32. Nxf8 Rxf8 33. gxh6 Bxh6 34. cxd4 Qf2+ 35. Kh1 Qf3+ 36. Qxf3 Rxf3 37. Re1 Rb3 38. Re6 Bg7 39. d5 Kf7 40. Rc6 Bxb2 41. Rc7+ Kf6 42. d6 Be5 43. Rc6 Ke6 44. Kg2 Bxd6 45. g4 Rb2+ 46. Kf3 Kd5 47. Rc8 Rxh2 48.
g5 Rh1 49. Kg4 Ke6 50. Rc6 Rg1+ 51. Kh5 Kf5 52. Kh6 Bf8+ 53. Kh7 Rxg5 54. Rxb6 Bb4 55.
Kh6 Rg1 56. Rb5+ Ke4 57. Rb8 Kd3 58. Rd8+ Kc4 59. Re8 Kb3 60. Re3+ Kxa4 61. Kh5 Kb5 62. Re5+ Kc4 63. Re4+ Kb3 64. Re3+ Bc3 65. Re8 a4 66. Rb8+ Bb4 67. Ra8 a3 68. Ra6 a2 69. Rg6 Rxg6 70.
Kxg6 a1=Q 0-1

[Event "Late-Titled-Tuesday-Blitz-February-27-2024"]
[Site "Chess.com"]
[Date "2024.02.27"]
[Round "6"]
[White "rose107"]
[Black "Resignify"]
[Result "1/2-1/2"]
[WhiteElo "2118"]
[BlackElo "2241"]
[TimeControl "180+1"]
[EndTime "15:06:36 PST"]
[Termination "Game drawn by repetition"]

1. e4 d6 2. d4 Nf6 3. Nc3 g6 4.
Nf3 Bg7 5. Bc4 c6 6. O-O d5 7.
exd5 cxd5 8. Bb5+ Nbd7 9. Bg5 a6 10. Ba4 O-O 11. Qd2 b5 12. Bb3 Bb7 13. Bh6 Nb6 14.
Bxg7 Kxg7 15. Ne5 Nc4 16. Bxc4 dxc4 17. Rad1 Qd6 18. a3 Rad8 19. Rfe1 Rfe8 20. Qg5 h6 21. Qg3 Nh5 22. Qe3 Nf6 23. Qg3 Qb8 24. h3 Nd7 25.
Re3 Nxe5 26. Rxe5 e6 27. Ne4 Bxe4 28. Rxe4 Qxg3 29. fxg3 Rd5 30. Kf2 Red8 31. c3 a5 32.
Rde1 b4 33. axb4 axb4 34. Re5 bxc3 35. bxc3 R8d6 36. Rxd5 Rxd5 37. Re5 Kf6 38. Rxd5 exd5 39. Kf3 Kf5 40. h4 f6 41. g4+ Ke6 42. Kf4 g5+ 43. hxg5 hxg5+ 44. Ke3 Kd6 45. Kd2 Ke6 46. Ke3 f5 47. gxf5+ Kxf5 48. Kf3 g4+ 49. Ke3 Kg5 50. g3 Kf5 51. Kd2 Ke4 52. Ke2 Kf5 53. Ke3 Kg5 54. Kd2 Kf6 55. Ke2 Kf5 56. Ke3 Kg5 57. Kd2 Kf5 58.
Ke3 1/2-1/2

[Event "Late-Titled-Tuesday-Blitz-February-27-2024"]
[Site "Chess.com"]
[Date "2024.02.27"]
[Round "6"]
[White "lamomiajunior"]
[Black "hansen"]
[Result "0-1"]
[WhiteElo "2728"]
[BlackElo "2920"]
[TimeControl "180+1"]
[EndTime "15:06:39 PST"]
[Termination "hansen won by resignation"]

1. d4 Nf6 2. Nc3 d5 3. Bf4 a6 4.
e3 e6 5. g4 Bd6 6. Qf3 Nc6 7. g5 Nd7 8. h4 b5 9. Bd3 b4 10. Nce2 Bb7 11. h5 e5 12. dxe5 Ncxe5 13. Qg2 Nc5 14. Bxe5 Bxe5 15. Nd4 Bxd4 16. exd4 Qe7+ 17.
Kd2 Ne4+ 18. Kc1 Qxg5+ 19. Qxg5 Nxg5 20. Ne2 a5 21. Rg1 Ne6 22. Bf5 O-O 23. Kd2 Ba6 24. c3 Rab8 25. Ng3 bxc3+ 26. bxc3 c5 27. dxc5 Nxc5 28. h6 g6 29. Bc2 Rfd8 30. Nh5 Rb6 31. Rae1 Kf8 32. Nf4 Rf6 33. Nh3 Ne4+ 34. Bxe4 dxe4+ 35. Kc1 Rc6 36. Re3 f5 37. Ng5 Rd7 38. f3 Bd3 39.
fxe4 fxe4 40. Kb2 Rb7+ 41. Ka1 Rcb6 42. a3 Rb1+ 43. Rxb1 Rxb1+ 44. Ka2 Rh1 45. Nxe4 Bxe4 46. Rxe4 Rxh6 47. Re5 Rh5 48. Re3 g5 49. Kb3 g4 50.
Re4 Rg5 51. Re1 g3 52. c4 h5 53. Rg1 h4 54. Kc3 Ke7 55. Kd4 g2 56. Ke3 h3 57.
Kf3 h2 58. Rxg2 h1=Q 0-1